 Dungeon Crawl Stone Soup version 0.31-a0-876-gfe8ebadbca (webtiles) character file.

Game seed: 88395166074459119

8302 IndexError the Geomancer (level 11, -1/61 HPs)
             Began as a Gargoyle Earth Elementalist on Oct 13, 2023.
             Was an Elder of Vehumet.
             Slain by a gnoll
             ... wielding a +1 flail of draining
             ... led by a gnoll bouda
              (6 damage)
             ... on level 9 of the Dungeon.
             The game lasted 00:12:21 (9284 turns).

IndexError the Geomancer (GrEE)                     Turns: 9284, Time: 00:12:22

Health: -1/61      AC: 18    Str: 12    XL:     11   Next: 28%
Magic:  18/25      EV: 16    Int: 20    God:    Vehumet [****..]
Gold:   497        SH:  5    Dex: 10    Spells: 6/30 levels left

rFire   + . .        o - staff of earth
rCold   . . .        (no shield)
rNeg    + . .        P - +0 acid dragon scales
rPois   ∞            A - +0 helmet
rElec   +            L - +0 cloak
rCorr   +            h - +0 pair of gloves
SInv    .            M - +0 pair of boots
Will    .....        q - amulet of reflection
Stlth   +            t - ring of protection from fire {rF+, !d}
HPRegen 0.30/turn    J - +5 ring of evasion
MPRegen 0.19/turn

%: reflection
@: no status effects
A: sickness immunity, AC +8, negative energy resistance 1, electricity
resistance, torment resistance 1, petrification resistance
a: Renounce Religion


You were on level 9 of the Dungeon.
You worshipped Vehumet.
Vehumet was greatly pleased with you.
You visited 2 branches of the dungeon, and saw 10 of its levels.

You collected 497 gold pieces.

Inventory:

Missiles
 i - 4 darts of dispersal {=f}
 E - 37 poisoned darts
 F - 7 boomerangs
Armour
 h - a +0 pair of gloves (worn)
   (You found it on level 1 of the Dungeon)
 A - a +0 helmet (worn)
   (You took it off Robin on level 3 of the Dungeon)
 L - a +0 cloak (worn)
   (You found it on level 5 of the Dungeon)
 M - a +0 pair of boots (worn)
   (You found it on level 6 of the Dungeon)
 O - +0 steam dragon scales
   (You found it on level 7 of the Dungeon)
 P - +0 acid dragon scales (worn)
   (You found it on level 8 of the Dungeon)
Magical Staves
 f - a staff of death {rN+}
   (You found it on level 2 of the Dungeon)
 o - a staff of earth (weapon)
   (You found it on level 2 of the Dungeon)
Jewellery
 p - the dreamdust necklace {Acrobat}
   (You found it on level 2 of the Dungeon)

   [amulet of the acrobat]

   Acrobat:   It increases your evasion while moving and waiting.
 q - an amulet of reflection (around neck)
   (You found it on level 2 of the Dungeon)
 t - a ring of protection from fire (left hand) {rF+, !d}
   (You found it on level 3 of the Dungeon)
 G - a ring of protection from fire {rF+, !d}
   (You found it on level 5 of the Dungeon)
 H - a ring of ice {rC+, rF-}
   (You found it on level 5 of the Dungeon)
 J - a +5 ring of evasion (right hand)
   (You found it on level 5 of the Dungeon)
Wands
 y - a wand of paralysis (9)
   (You found it on level 3 of the Dungeon)
 C - a wand of flame (19)
   (You found it on level 4 of the Dungeon)
 N - a wand of acid (11)
   (You found it on level 7 of the Dungeon)
 R - a wand of roots (6)
   (You found it on level 8 of the Dungeon)
Scrolls
 a - a scroll of torment {unknown}
 c - 2 scrolls of enchant armour {unknown}
 d - 2 scrolls of vulnerability {unknown}
 g - 3 scrolls of teleportation {unknown}
 j - a scroll of brand weapon {unknown}
 k - 5 scrolls of identify {unknown}
 r - 3 scrolls of revelation {unknown}
 v - a scroll of silence {unknown}
 w - 2 scrolls of fog {unknown}
 D - a scroll of fear {unknown}
 K - 2 scrolls of immolation {unknown}
 Q - a scroll of blinking {unknown}
 S - a scroll of poison {unknown}
Potions
 b - a potion of magic
 e - 3 potions of ambrosia {unknown}
 l - a potion of enlightenment {unknown}
 m - a potion of might {unknown}
 n - 3 potions of attraction {unknown}
 s - a potion of heal wounds {unknown}
 u - 7 potions of curing {unknown}
 x - 3 potions of brilliance {unknown}
 z - a potion of degeneration {unknown}
 B - a potion of mutation {unknown}
 I - a potion of cancellation {unknown}


   Skills:
 + Level 4.0 Fighting
 - Level 1.5 Dodging
 - Level 2.1 Stealth
 - Level 10.2 Spellcasting
 + Level 3.3 Summonings
 + Level 3.3 Translocations
 + Level 3.2 Transmutations
 - Level 13.3 Earth Magic


You had 6 spell levels left.
You knew the following spells:

 Your Spells              Type           Power      Damage    Failure   Level
a - Sandblast             Erth           100%       2d20      1%          1
b - Brom's Barrelling Bo  Conj/Erth      53%        2d7       1%          4
c - Petrify               Tmut/Erth      60%        N/A       3%          4
d - Volatile Blastmotes   Fire/Tloc      32%        2d12      4%          3
e - Animate Armour        Summ/Erth      100%       N/A       3%          4
x - Stone Arrow           Conj/Erth      100%       3d13      1%          3
z - Lee's Rapid Deconstr  Erth           38%        3d19*     1%          5

Your spell library contained the following spells:

 Spells                   Type           Power      Damage    Failure   Level
 Ignite Poison            Fire/Tmut/Pois 14%        N/A       5%          3
 Passwall                 Tmut/Erth      50%        N/A       1%          2
 Kiss of Death            Conj/Necr      40%        2d8       3%          1
 Static Discharge         Conj/Air       20%        2-3/arc   4%          2
 Hailstorm                Conj/Ice       10%        3d5       9%          3
 Airstrike                Air            5%         2d(1-17)  26%         4
 Confusing Touch          Hex            10%        N/A       30%         3
 Summon Ice Beast         Ice/Summ       16%        N/A       45%         4
 Summon Lightning Spire   Summ/Air       16%        N/A       45%         4
 Dispel Undead            Necr           10%        3d9       71%         4
 Death Channel            Necr           5%         N/A       100%        6
 Simulacrum               Ice/Necr       5%         N/A       100%        6
 Lehudib's Crystal Spear  Conj/Erth      26%        10d7      100%        8
 Cigotuvi's Dreadful Rot  Necr/Pois/Air  Unusable   N/A       N/A         2

Dungeon Overview and Level Annotations

Branches:
Dungeon (9/15)             Temple (1/1) D:6
   Lair: D:8-11         Orc: D:9-12

Altars:
Ashenzari
Cheibriados
Dithmenos
Elyvilon
Fedhas
Gozag
Hepliaklqana
Kikubaaqudgha
Makhleb
Nemelex Xobeh
Okawaru
Qazlal
Ru
Sif Muna
Uskayaw
Vehumet
Wu Jian
Xom
Yredelemnul
Zin
The Shining One

Shops:
D:8 :


Innate Abilities, Weirdness & Mutations

You are immune to sickness and miasma.
Your stone body is resilient. (AC +8)
You are immune to poison.
You resist negative energy. (rN+)
You are resistant to electric shocks. (rElec)
You are resistant to unholy torment.
You are immune to petrification.


Message History

Casting: Sandblast (safe; 1% risk of failure)
Confirm with . or Enter, or press ? or * to list all spells.
Aiming: Sandblast (safe; 1% risk of failure)
Press: ? - help, Shift-Dir - straight line, f - hellwing
Aim: a hellwing (85% to hit)
You feel a surge of power!
The blast of sand misses the hellwing.
The hellwing closely misses you.
The hellwing hits you but does no damage.
The gnoll hits you but does no damage. The hellwing barely misses you.
The hellwing closely misses you.
You now have 23/25 mp.
Casting: Sandblast (safe; 1% risk of failure)
Confirm with . or Enter, or press ? or * to list all spells.
Aiming: Sandblast (safe; 1% risk of failure)
Press: ? - help, Shift-Dir - straight line, f/p - hellwing
Aim: a hellwing (85% to hit)
You feel a surge of power!
The blast of sand hits the hellwing but does no damage.
The gnoll hits you but does no damage. The gnoll closely misses you.
The hellwing hits you. The hellwing closely misses you.
The gnoll closely misses you.
You take 6 damage, and have 45/60 hp.
You now have 22/25 mp.
Casting: Sandblast (safe; 1% risk of failure)
Confirm with . or Enter, or press ? or * to list all spells.
Aiming: Sandblast (safe; 1% risk of failure)
Press: ? - help, Shift-Dir - straight line, f/p - hellwing
Aim: a hellwing (85% to hit)
You feel a surge of power!
The blast of sand hits the hellwing!!
The gnoll hits you with a +1 flail of draining.
The hellwing hits you but does no damage.
The hellwing hits you. The gnoll closely misses you. The hellwing hits you.
The hellwing hits you but does no damage.
The gnoll misses you.
You take 9 damage, and have 36/60 hp.
Casting: Sandblast (safe; 1% risk of failure)
Confirm with . or Enter, or press ? or * to list all spells.
Aiming: Sandblast (safe; 1% risk of failure)
Press: ? - help, Shift-Dir - straight line, f/p - hellwing
Aim: a hellwing (heavily wounded, 85% to hit)
You feel a surge of power!
The blast of sand hits the hellwing!
You block the gnoll's attack. The gnoll closely misses you.
The hellwing hits you! You block the hellwing's attack.
The gnoll hits you but does no damage.
You take 10 damage, and have 26/60 hp.
You now have 21/25 mp.
Casting: Sandblast (safe; 1% risk of failure)
Confirm with . or Enter, or press ? or * to list all spells.
Aiming: Sandblast (safe; 1% risk of failure)
Press: ? - help, Shift-Dir - straight line, f/p - hellwing
Aim: a hellwing (severely wounded, 85% to hit)
You feel a surge of power!
The blast of sand hits the hellwing but does no damage.
You block the gnoll's attack. The hellwing misses you.
The hellwing hits you but does no damage.
You block the gnoll's attack. The hellwing hits you.
You block the hellwing's attack. The gnoll closely misses you.
You take 5 damage, and have 21/60 hp.
You now have 20/25 mp.
Casting: Sandblast (safe; 1% risk of failure)
Confirm with . or Enter, or press ? or * to list all spells.
Aiming: Sandblast (safe; 1% risk of failure)
Press: ? - help, Shift-Dir - straight line, f/p - hellwing
Aim: a hellwing (severely wounded, 85% to hit)
You feel a surge of power!
The blast of sand hits the hellwing but does no damage.
The gnoll is no longer moving quickly.
The gnoll closely misses you.
The gnoll hits you with a +1 flail of draining.
The hellwing hits you.
* * * LOW HITPOINT WARNING * * *
You block the hellwing's attack.
The gnoll hits you from afar with a +0 halberd.
* * * LOW HITPOINT WARNING * * *
Casting: Sandblast (safe; 1% risk of failure)
Confirm with . or Enter, or press ? or * to list all spells.
Aiming: Sandblast (safe; 1% risk of failure)
Press: ? - help, Shift-Dir - straight line, f/p - hellwing
Aim: a hellwing (severely wounded, 85% to hit)
You feel a surge of power!
The blast of sand hits the hellwing!
The gnoll barely misses you.
The hellwing hits you but does no damage.
The hellwing closely misses you. The gnoll completely misses you.
The hellwing closely misses you. x2
The gnoll hits you with a +1 flail of draining.
* * * LOW HITPOINT WARNING * * *
You take 13 damage, and have 8/60 hp.
MASSIVE DAMAGE!!
You now have 19/25 mp.
Casting: Sandblast (safe; 1% risk of failure)
Confirm with . or Enter, or press ? or * to list all spells.
Aiming: Sandblast (safe; 1% risk of failure)
Press: ? - help, Shift-Dir - straight line, f/p - hellwing
Aim: a hellwing (almost dead, 85% to hit)
You feel a surge of power!
The blast of sand hits the hellwing!
Vehumet accepts your kill. The gnoll misses you.
The gnoll hits you with a +1 flail of draining.
* * * LOW HITPOINT WARNING * * *
The gnoll hits you but does no damage.
Your Fighting skill increases to level 4!
You take 4 damage, and have 4/61 hp.
You now have 18/25 mp.
The gnoll attacks as it pursues you! The gnoll closely misses you.
The gnoll attacks as it pursues you!
The gnoll hits you with a +1 flail of draining.
You die...

#. ## .. .... #.#..
.#...# #
##.#.#####.#.)# .#
.............##.##
#.#.# #..........
#.#.# #...)g.# #...#
.#...### #...#
#.#.....##### ##..#
#.##g@....... #))#
#.###.....### #).# #.#
#..⌠..# #.###<.##
##.###.....#
#.......###...##.....#
............#.......##
######.####...####.##
#.# ##.......# #.#
#########


You could see 2 gnolls.

Vanquished Creatures
  A sixfirhy (D:9)
  A smoke demon (D:9)
  An orange demon (D:9)
  An unseen horror (D:7)
  2 hellwings (D:9)
  Sigmund (D:3)
  11 yaks
  2 steam dragons
  Menkaure (D:7)
  An acid dragon (D:8)
  3 water moccasins
  Duvessa (D:6)
  4 orc warriors
  3 sky beasts
  An ice beast (D:7)
  3 centaurs
  3 phantoms (D:5)
  4 kobold brigands
  A gnoll sergeant (D:9)
  2 bullfrogs
  3 scorpions
  Dowan (D:5)
  5 wights (D:6)
  14 killer bees
  3 howler monkeys (D:5)
  2 quasits (D:9)
  2 hounds
  3 orc priests
  3 gnoll boudas
  2 sleepcaps
  Terence (D:3)
  7 orc wizards
  3 iguanas
  Robin (D:3)
  18 gnolls
  An adder (D:4)
  4 white imps
  An ufetubus (D:6)
  A worm (D:2)
  3 dart slugs
  35 orcs
  8 ball pythons
  2 bats (D:3)
  4 endoplasms
  2 giant cockroaches
  18 goblins
  12 hobgoblins
  4 jackals (D:4)
  10 kobolds
  3 quokkas
  3 frilled lizards
  7 rats
233 creatures vanquished.

Vanquished Creatures (others)
  An orc (D:7)
1 creature vanquished.

Grand Total: 234 creatures vanquished

Notes
Turn   | Place    | Note
-------+----------+-------------------------------------------
     0 | D:1      | IndexError the Gargoyle Earth Elementalist began the quest
                  | for the Orb.
     0 | D:1      | Reached XP level 1. HP: 10/10 MP: 3/3
   187 | D:1      | Found a faded altar of an unknown god.
   234 | D:1      | Reached skill level 4 in Earth Magic
   234 | D:1      | Reached XP level 2. HP: 5/15 MP: 1/5
  1080 | D:2      | Reached XP level 3. HP: 19/19 MP: 4/6
  1383 | D:2      | Found the dreamshard necklace {Acrobat *Dream}
  1952 | D:2      | Learned a level 3 spell: Stone Arrow
  2215 | D:3      | Noticed Terence
  2224 | D:3      | Killed Terence
  2225 | D:3      | Reached skill level 3 in Spellcasting
  2225 | D:3      | Reached XP level 4. HP: 19/24 MP: 1/8
  2317 | D:3      | Reached skill level 5 in Earth Magic
  2518 | D:3      | Noticed Sigmund
  2522 | D:3      | Killed Sigmund
  2523 | D:3      | Reached skill level 4 in Spellcasting
  2523 | D:3      | Reached skill level 6 in Earth Magic
  2523 | D:3      | Reached XP level 5. HP: 17/28 MP: 5/11
  2523 | D:3      | Reached XP level 6. HP: 19/32 MP: 5/12
  2654 | D:3      | Found a snail-covered altar of Cheibriados.
  2654 | D:3      | Found a radiant altar of Vehumet.
  2663 | D:3      | Became a worshipper of Vehumet
  3165 | D:3      | Noticed Robin
  3169 | D:3      | Killed Robin
  3193 | D:3      | Reached * piety under Vehumet
  3193 | D:3      | Offered knowledge of Shock by Vehumet.
  3574 | D:4      | Reached skill level 7 in Earth Magic
  3574 | D:4      | Reached XP level 7. HP: 24/36 MP: 7/14
  3578 | D:4      | HP: 9/36 [killer bee (5)]
  3579 | D:4      | Reached skill level 5 in Spellcasting
  3695 | D:4      | Found a stormy altar of Qazlal.
  3769 | D:4      | Found an opulent altar of Gozag.
  4148 | D:4      | HP: 2/36 [orc priest/divine providence (14)]
  4149 | D:4      | Reached skill level 8 in Earth Magic
  4346 | D:4      | Identified the +4 great mace of the Pure Beggars {freeze,
                  | rF++ Will+ SInv Stlth-}
  4352 | D:4      | Reached skill level 6 in Spellcasting
  4352 | D:4      | Reached XP level 8. HP: 40/41 MP: 14/17
  4928 | D:5      | Entered Level 5 of the Dungeon
  4935 | D:5      | Offered knowledge of Momentum Strike by Vehumet.
  5126 | D:5      | Reached ** piety under Vehumet
  5225 | D:5      | Reached skill level 9 in Earth Magic
  5347 | D:5      | Reached skill level 7 in Spellcasting
  5410 | D:5      | Reached skill level 10 in Earth Magic
  5944 | D:6      | Reached XP level 9. HP: 45/45 MP: 16/20
  6014 | D:6      | Noticed Duvessa
  6014 | D:6      | Noticed Dowan
  6016 | D:6      | Killed Duvessa
  6021 | D:5      | Killed Dowan
  6022 | D:5      | HP: 5/45 [yak (7)]
  6026 | D:5      | Reached skill level 8 in Spellcasting
  6266 | D:6      | Offered knowledge of Searing Ray by Vehumet.
  6333 | D:6      | Found a staircase to the Ecumenical Temple.
  6341 | D:6      | Reached skill level 11 in Earth Magic
  6348 | D:6      | HP: 9/45 [yak (7)]
  6357 | Temple   | Entered the Ecumenical Temple
  6652 | D:6      | Reached skill level 9 in Spellcasting
  6655 | D:6      | Reached skill level 12 in Earth Magic
  6693 | D:6      | Reached XP level 10. HP: 43/50 MP: 20/23
  6748 | D:6      | Reached *** piety under Vehumet
  7577 | D:7      | Noticed Menkaure
  7582 | D:7      | Killed Menkaure
  7677 | D:7      | Offered knowledge of Volatile Blastmotes by Vehumet.
  7759 | D:7      | Found a sacrificial altar of Ru.
  8097 | D:7      | Killed an unseen horror
  8101 | D:7      | Reached skill level 13 in Earth Magic
  8103 | D:7      | Reached skill level 10 in Spellcasting
  8320 | D:8      | Learned a level 5 spell: Lee's Rapid Deconstruction
  8325 | D:8      | Learned a level 4 spell: Brom's Barrelling Boulder
  8330 | D:8      | Learned a level 4 spell: Petrify
  8334 | D:8      | Learned a level 3 spell: Volatile Blastmotes
  8339 | D:8      | Learned a level 4 spell: Animate Armour
  8459 | D:7      | Reached skill level 1 in Transmutations
  8466 | D:7      | Reached skill level 1 in Fighting
  8521 | D:7      | Reached skill level 1 in Summonings
  8521 | D:7      | Reached skill level 1 in Translocations
  8635 | D:8      | Reached **** piety under Vehumet
  8636 | D:8      | Reached skill level 2 in Fighting
  8643 | D:8      | Reached skill level 2 in Transmutations
  8646 | D:8      | Reached skill level 2 in Summonings
  8646 | D:8      | Reached skill level 2 in Translocations
  8649 | D:8      | Offered knowledge of Ignite Poison by Vehumet.
  8781 | D:8      | Found Avvutel's Book Boutique.
  9090 | D:9      | Reached XP level 11. HP: 59/59 MP: 23/25
  9120 | D:9      | Noticed a sixfirhy
  9123 | D:9      | Reached skill level 3 in Fighting
  9128 | D:9      | Killed a sixfirhy
  9137 | D:9      | Reached skill level 3 in Summonings
  9137 | D:9      | Reached skill level 3 in Translocations
  9229 | D:9      | Reached skill level 3 in Transmutations
  9280 | D:9      | HP: 12/60 [gnoll/+0 halberd[a gnoll bouda] (6)]
  9282 | D:9      | HP: 4/60 [gnoll/+1 flail of draining[a gnoll bouda] (4)]
  9283 | D:9      | Reached skill level 4 in Fighting
  9284 | D:9      | Slain by a gnoll

Illustrated notes

Levels and vault maps discovered:
D:1:      dpeg_arrival_solitude, layout_basic,
          hellmonk_ecumenical_altar_run_dry, chequers_serial_rivers_micro_c
D:2:      layout_loops_corners
D:3:      layout_basic, jmf_multi_god_temple, uniq_terence, uniq_sigmund,
          uniq_robin
D:4:      layout_basic, grunt_qazlal_clouds, lemuel_round_altar
D:5:      layout_basic
D:6:      layout_rooms, minmay_temple_entry_wispy, uniq_duvessa
D:7:      layout_loops_ring, nicolae_ru_path_of_blood, minivault_5,
          uniq_menkaure
D:8:      layout_cave_pools, serial_shops, nicolae_square_shop,
          minmay_starry_boxes
D:9:      layout_loops_ring, old_standard_altar, dpeg_oklobed_lair,
          serial_demonic, serial_demonic_c, serial_demonic_d, serial_demonic_d,
          serial_demonic_f, serial_demonic_f, serial_demonic_f
Temple:   compressed_dpeg_triangle_lava_temple

Skill      XL: |  1  2  3  4  5  6  7  8  9 10 11 |
---------------+----------------------------------+-----
Earth Magic    | 4 6 7 8 10 12 13 | 13.3
Spellcasting   | 3 4 6 7 9 10 | 10.2
Transmutations | 2 3 |  3.2
Fighting       | 2 4 |  4.0
Summonings     | 2 3 |  3.3
Translocations | 2 3 |  3.3
Dodging        | |  1.5
Stealth        | |  2.1

Action                     |  1- 3 |  4- 6 |  7- 9 | 10-12 || total
---------------------------+-------+-------+-------+-------++-------
  Melee: Club              |    10 |       |       |       ||    10
         Staff             |       |     1 |       |     6 ||     7
   Cast: Sandblast         |    48 |    53 |   149 |   176 ||   426
 Armour: Robe              |    19 |    13 |    52 |     3 ||    87
         Steam dragon scal |       |       |       |    55 ||    55
         Acid dragon scale |       |       |       |    81 ||    81
  Dodge: Dodged            |    22 |    11 |    96 |   197 ||   326
  Block: Other             |       |       |     3 |    62 ||    65

Table legend: (Time is in decaauts)
 A = Elapsed time spent in this place.
 B = Non-inter-level travel time spent in this place.
 C = Inter-level travel time spent in this place.
 D = Time resting spent in this place.
 E = Time spent auto-exploring this place.
 F = Levels seen in this place.
 G = Mean time per level.
                   A        B        C        D        E       F      G
               +--------+--------+--------+--------+--------+-----+--------+
         Total |   9510 |   8626 |    884 |     51 |   7179 |  10 |  951.0 |
       Dungeon |   9347 |   8463 |    884 |     51 |   7028 |   9 | 1038.6 |
        Temple |    162 |    162 |      0 |      0 |    151 |   1 |  162.0 |
               +--------+--------+--------+--------+--------+-----+--------+

Top non-repeatable levels by time:
     D:3: 1526 daAuts
     D:4: 1496 daAuts
     D:5: 1208 daAuts
     D:7: 1189 daAuts
     D:2: 1036 daAuts
     D:1: 1034 daAuts
     D:8: 894 daAuts
     D:6: 735 daAuts
     D:9: 225 daAuts
  Temple: 162 daAuts

Levels and vault maps discovered:
D:1:      dpeg_arrival_solitude, layout_basic,
          hellmonk_ecumenical_altar_run_dry, chequers_serial_rivers_micro_c
D:2:      layout_loops_corners
D:3:      layout_basic, jmf_multi_god_temple, uniq_terence, uniq_sigmund,
          uniq_robin
D:4:      layout_basic, grunt_qazlal_clouds, lemuel_round_altar
D:5:      layout_basic
D:6:      layout_rooms, minmay_temple_entry_wispy, uniq_duvessa
D:7:      layout_loops_ring, nicolae_ru_path_of_blood, minivault_5,
          uniq_menkaure
D:8:      layout_cave_pools, serial_shops, nicolae_square_shop,
          minmay_starry_boxes
D:9:      layout_loops_ring, old_standard_altar, dpeg_oklobed_lair,
          serial_demonic, serial_demonic_c, serial_demonic_d, serial_demonic_d,
          serial_demonic_f, serial_demonic_f, serial_demonic_f
Temple:   compressed_dpeg_triangle_lava_temple

Table legend: (Time is in decaauts)
 A = Elapsed time spent in this place.
 B = Non-inter-level travel time spent in this place.
 C = Inter-level travel time spent in this place.
 D = Time resting spent in this place.
 E = Time spent auto-exploring this place.
 F = Levels seen in this place.
 G = Mean time per level.
                   A        B        C        D        E       F      G
               +--------+--------+--------+--------+--------+-----+--------+
         Total |   9510 |   8626 |    884 |     51 |   7179 |  10 |  951.0 |
       Dungeon |   9347 |   8463 |    884 |     51 |   7028 |   9 | 1038.6 |
        Temple |    162 |    162 |      0 |      0 |    151 |   1 |  162.0 |
               +--------+--------+--------+--------+--------+-----+--------+

Top non-repeatable levels by time:
     D:3: 1526 daAuts
     D:4: 1496 daAuts
     D:5: 1208 daAuts
     D:7: 1189 daAuts
     D:2: 1036 daAuts
     D:1: 1034 daAuts
     D:8: 894 daAuts
     D:6: 735 daAuts
     D:9: 225 daAuts
  Temple: 162 daAuts

Table legend:
 A = Kills in this place as a percentage of kills in the entire game.
 B = Kills by you in this place as a percentage of kills by you in the entire game.
 C = Kills by friends in this place as a percentage of kills by friends in the entire game.
 D = Other kills in this place as a percentage of other kills in the entire game.
 E = Experience gained in this place as a percentage of experience gained in the entire game.
 F = Experience gained in this place divided by the number of levels of this place that you have seen.
                   A       B       C       D       E      F
               +-------+-------+-------+-------+-------+----------------------
         Total | 100.0 | 100.0 |   N/A |   N/A | 100.0 | 1186.1
       Dungeon | 100.0 | 100.0 |   N/A |   N/A | 100.0 | 1317.9
               +-------+-------+-------+-------+-------+----------------------
